 Dungeon Crawl Stone Soup version 0.21.1-1-g345015f (webtiles) character file.

147 FARTHEAD the Digger (level 5, 0/28 HPs)
             Began as a Gargoyle Earth Elementalist on Apr 2, 2018.
             Slain by an adder (3 damage)
             ... on level 4 of the Dungeon.
             The game lasted 00:24:53 (1760 turns).

FARTHEAD the Digger (Gargoyle Earth Elementalist)   Turns: 1760, Time: 00:24:54

Health: 0/28       AC:  6    Str: 12    XL:     5   Next: 29%
Magic:  5/9        EV: 12    Int: 19    God:
Gold:   210        SH:  0    Dex: 10    Spells: 5/9 levels left

rFire    . . .     SeeInvis .   h - +2 mace (holy)
rCold    . . .     Gourm    .   (no shield)
rNeg     + . .     Faith    .   c - +0 robe
rPois    ∞         Spirit   .   (no helmet)
rElec    +         Reflect  .   (no cloak)
rCorr    .         Harm     .   (no gloves)
MR       .....                  (no boots)
Stlth    ++........             (no amulet)
HPRegen  0.09/turn              s - +3 ring of intelligence
MPRegen  0.11/turn              (no ring)

@: berserk cooldown, slowed, very slow
A: negative energy resistance 1, electricity resistance, unbreathing,
petrification resistance, rot immunity, AC +4
a: no special abilities


You were on level 4 of the Dungeon.
You were not hungry.

You visited 1 branch of the dungeon, and saw 4 of its levels.

You collected 210 gold pieces.

Inventory:

Hand Weapons
 h - a +2 mace of holy wrath (weapon)
 k - a +2 mace of protection
Missiles
 b - 30 stones (quivered)
 m - 4 tomahawks
 p - 46 arrows
Armour
 c - a +0 robe (worn)
 x - the +3 plate armour "Nischacor" {rN+++ Dex-5}
   (You found it on level 4 of the Dungeon)

   It affects your dexterity (-5).
   It renders you almost immune to negative energy.
Jewellery
 a - an uncursed ring of fire
 s - a +3 ring of intelligence (left hand)
 w - an uncursed ring of ice {unknown}
Scrolls
 j - 4 scrolls of amnesia {unknown}
 o - a scroll of blinking {unknown}
 q - a scroll of identify
 r - a scroll of fog {unknown}
 u - 3 scrolls of teleportation
 v - a scroll of fear {unknown}
Potions
 f - a potion of berserk rage
 g - 4 potions of might
 l - a potion of curing {unknown}
 n - a potion of degeneration {unknown}
 t - a potion of cancellation {unknown}
Books
 e - a book of Geomancy

   Spells                             Type                      Level
   a - Sandblast                      Earth                        1
   b - Passwall                       Transmutation/Earth          2
   c - Stone Arrow                    Conjuration/Earth            3
   d - Petrify                        Transmutation/Earth          4
   e - Lee's Rapid Deconstruction     Earth                        5
Comestibles
 d - 9 rations
 i - 2 chunks of flesh


   Skills:
 - Level 0.7 Fighting
 * Level 2.5 Maces & Flails
 - Level 1.5 Dodging
 - Level 2.1 Stealth
 + Level 2.7 Spellcasting
 * Level 1.3 Conjurations
   Level 0.7 Transmutations
 + Level 5.0 Earth Magic


You had 5 spell levels left.
You knew the following spells:

 Your Spells              Type           Power        Failure   Level  Hunger
a - Sandblast             Erth           ###...       1%          1    None
b - Stone Arrow           Conj/Erth      ##....       13%         3    ###....


Dungeon Overview and Level Annotations

Branches:
Dungeon (4/15)
 Temple: D:4-7

Altars:
Gozag
Hepliaklqana
Yredelemnul

Annotations:
D:3 Ijyb
D:4 Sigmund


Innate Abilities, Weirdness & Mutations

You are resistant to torment.
Your stone body is resilient. (AC +4)
You are immune to poison.
You resist negative energy. (rN+)
You are resistant to electric shocks. (rElec)
You can survive without breathing.
You are immune to petrification.
You are immune to rotting.


Message History

Something tries to affect you, but you resist.
You miss the adder. The adder bites you.
* * * LOW HITPOINT WARNING * * *
Something hits you!
* * * LOW HITPOINT WARNING * * *
You are too berserk!
You bump into the rock wall.
You feel less confused. The adder bites you but does no damage.
You feel a strong urge to attack something.
You hit the adder.
The adder is lightly wounded.
Something hits you but does no damage.
You barely miss the adder.
The adder is lightly wounded.
You are no longer berserk.
You are exhausted.
You feel yourself slow down. The adder closely misses you. x2
The adder bites you.
You die...

#...... ##.# ...... #.#
.... #.# ... ##+# #.#
##... #.## ##.... #..##
##.<...
###########...####......
.......@S........'......
.##########...####......
#..## ##..... #.....#
##.... #.#....# ##...
#.###..# ##'# # ..# #.#
#.# #.# .# ##.#


You could see an adder.

Vanquished Creatures
  A bullfrog skeleton (D:4)
  7 adders
  2 worms
  A giant cockroach (D:1)
  8 goblins
  4 hobgoblins
  9 jackals
  3 kobolds
  A quokka (D:3)
  2 ball pythons (D:3)
  4 bats
  A frilled lizard (D:3)
  7 rats
  A spectral orc (D:2)
51 creatures vanquished.

Notes
Turn   | Place    | Note
-------+----------+-------------------------------------------
     0 | D:1      | FARTHEAD the Gargoyle Earth Elementalist began the quest for the Orb.
     0 | D:1      | Reached XP level 1. HP: 10/10 MP: 3/3
   148 | D:1      | Reached skill level 4 in Earth Magic
   207 | D:1      | Reached XP level 2. HP: 15/15 MP: 5/5
   656 | D:2      | Reached XP level 3. HP: 19/19 MP: 3/6
   713 | D:2      | Learned a level 3 spell: Stone Arrow
   714 | D:2      | Reached skill level 1 in Maces & Flails
   781 | D:2      | Reached XP level 4. HP: 21/24 MP: 1/7
   849 | D:2      | Found a faded altar of an unknown god.
  1018 | D:2      | Found a hazy altar of Hepliaklqana.
  1146 | D:2      | Found a basalt altar of Yredelemnul.
  1200 | D:3      | Found an opulent altar of Gozag.
  1515 | D:3      | Noticed Ijyb
  1525 | D:3      | Reached skill level 1 in Conjurations
  1666 | D:4      | Reached skill level 5 in Earth Magic
  1666 | D:4      | Reached XP level 5. HP: 21/28 MP: 1/8
  1711 | D:4      | Got a twisted plate armour
  1712 | D:4      | Identified the +3 plate armour "Nischacor" {rN+++ Dex-5} (You found it on level 4 of the Dungeon)
  1736 | D:4      | Noticed Sigmund
  1753 | D:4      | HP: 2/42 [something (9)]
  1760 | D:4      | Slain by an adder

Skill      XL: |  1  2  3  4 |
---------------+-------------+-----
Earth Magic    | 4 5 |  5.0
Maces & Flails | 1 2 |  2.5
Conjurations   | 1 |  1.3
Fighting       | |  0.7
Dodging        | |  1.5
Stealth        | |  2.1
Spellcasting   | |  2.7
Transmutations | |  0.7

Action                   |  1- 3 |  4- 6 || total
-------------------------+-------+-------++-------
Melee: Mace              |    43 |    51 ||    94
 Cast: Sandblast         |    17 |    20 ||    37
       Stone Arrow       |       |     1 ||     1
  Use: Scroll            |     3 |     3 ||     6
       Potion            |       |     1 ||     1
 Stab: Sleeping          |     1 |     1 ||     2
  Eat: Chunk             |       |     3 ||     3
Armor: Robe              |    22 |    16 ||    38
Dodge: Dodged            |    31 |    49 ||    80
